 Dungeon Crawl Stone Soup version 0.30.0-29-ga12c61a403 (webtiles) character file.

Game seed: 6295334410710309274

61 Bamboolord the Vexing (level 3, -2/26 HPs)
             Began as a Demonspawn Hexslinger on June 6, 2023.
             Slain by a goblin
             ... wielding a +0 dagger of venom
             ... led by Robin
              (5 damage)
             ... on level 2 of the Dungeon.
             The game lasted 00:05:25 (1816 turns).

Bamboolord the Vexing (Demonspawn Hexslinger)       Turns: 1816, Time: 00:05:26

Health: -2/26      AC:  7    Str: 10    XL:     3   Next: 83%
Magic:  5/5        EV: 12    Int: 16    God:
Gold:   39         SH:  0    Dex: 13    Spells: 1/4 levels left

rFire   . . .        a - +1 sling
rCold   . . .        (no shield)
rNeg    . . .        h - +0 leather armour
rPois   .            (no helmet)
rElec   .            (no cloak)
rCorr   .            (no gloves)
SInv    .            (no boots)
Will    .....        (no amulet)
Stlth   +            f - +4 ring of protection
HPRegen 0.24/turn    p - ring of wizardry
MPRegen 0.09/turn

%: wizardry (x1)
@: lethally poisoned (-2 -> -10), flying
A: powered by pain 1, sturdy frame 1
a: no special abilities


You were on level 2 of the Dungeon.
You visited 1 branch of the dungeon, and saw 3 of its levels.

You collected 39 gold pieces.

Inventory:

Hand Weapons
 a - a +1 sling (weapon)
Armour
 c - a +0 robe
 h - a +0 leather armour (worn)
Jewellery
 f - a +4 ring of protection (left hand)
 p - a ring of wizardry (right hand)
Scrolls
 b - a scroll of poison
 d - a scroll of identify {unknown}
 g - a scroll of amnesia {unknown}
 k - a scroll of immolation {unknown}
 l - a scroll of enchant armour {unknown}
 o - a scroll of teleportation {unknown}
 q - a scroll of magic mapping {unknown}
Potions
 e - 2 potions of flight
 i - a potion of degeneration {unknown}
 j - 2 potions of curing {unknown}
 m - a potion of attraction {unknown}
 n - 2 potions of mutation {unknown}


   Skills:
 * Level 1.4 Fighting
 * Level 2.7 Ranged Weapons
 * Level 2.1 Dodging
 * Level 1.4 Spellcasting
 * Level 3.4 Hexes
 * Level 0.1 Ice Magic


You had one spell level left.
You knew the following spells:

 Your Spells              Type           Power      Damage    Failure   Level
a - Slow                  Hex            48%        N/A       2%          1
b - Ensorcelled Hibernat  Hex/Ice        12%        N/A       7%          2

Your spell library contained the following spells:

 Spells                   Type           Power      Damage    Failure   Level
 Inner Flame              Hex/Fire       6%         N/A       14%         3
 Portal Projectile        Hex/Tloc       12%        N/A       14%         3
 Cause Fear               Hex            6%         N/A       22%         4
 Spider Form              Tmut/Pois      1%         N/A       26%         3
 Anguish                  Hex/Necr       3%         N/A       41%         4


Dungeon Overview and Level Annotations

Branches:
Dungeon (3/15)

Altars:

Annotations:
D:3 Robin


Innate Abilities, Weirdness & Mutations

You sometimes gain a little power by taking damage.
Your movements are slightly less encumbered by armour. (ER -2)


Message History

You shoot a sling bullet. The sling bullet hits the goblin.
The goblin is moderately wounded.
The goblin closely misses you.
You shoot a sling bullet.
The sling bullet barely misses the goblin.
The goblin closely misses you.
You shoot a sling bullet. The sling bullet hits the goblin.
The goblin is severely wounded.
The goblin barely misses you.
You shoot a sling bullet. The sling bullet hits the goblin.
You kill the goblin!
Robin closely misses you. The goblin completely misses you.
You shoot a sling bullet.
The sling bullet barely misses the goblin.
The goblin hits you but does no damage.
You shoot a sling bullet. The sling bullet hits the goblin.
The goblin is severely wounded.
Robin misses you. The goblin barely misses you.
You shoot a sling bullet.
The sling bullet closely misses the goblin.
The goblin closely misses you. Robin throws the goblin at you!
The goblin barely misses you.
The goblin hits you with a +0 dagger of venom.
You are poisoned.
Robin closely misses you. The goblin hits you with a +0 club.
You feel very sick.
The goblin hits you with a +0 dagger of venom.
You are lethally poisoned!
The goblin hits you with a +0 club.
You climb upwards.
* * * LOW HITPOINT WARNING * * *
You feel very sick.
There is a stone staircase leading down here.
It was a potion of flight.
You feel very buoyant.
You fly up into the air.
* * * LOW HITPOINT WARNING * * *
You feel very sick.
The goblin hits you with a +0 dagger of venom.
You die...

#.....##.# #....<##.#
###.....##.#
#......###.#
#...........
####(.#.#.....#
####.....#.#...#..
####gg...)..#.#.###..
#...@......##.#.# #..
##.######.#.##.#.# #8.
#..#### #......#.# #8.
#.~~~~#####.#..#.###~.
#.)≈≈~~~###.#....~~~~.
#.~≈≈≈≈~~~~...~~~~≈≈≈.
#.~~~≈≈≈≈≈~~~~~≈≈≈≈≈≈.
#..#~~~≈≈≈≈≈≈≈≈≈≈≈~~~.
##.###~~~~≈≈≈≈≈~~~~#8.


You could see 2 goblins.

Vanquished Creatures
  An adder (D:2)
  2 worms (D:2)
  5 ball pythons
  2 bats
  3 endoplasms
  A giant cockroach (D:2)
  11 goblins
  3 hobgoblins
  2 jackals (D:2)
  4 kobolds
  A quokka (D:1)
  4 frilled lizards
  3 rats
42 creatures vanquished.

Notes
Turn   | Place    | Note
-------+----------+-------------------------------------------
     0 | D:1      | Bamboolord the Demonspawn Hexslinger began the quest for
                  | the Orb.
     0 | D:1      | Reached XP level 1. HP: 15/15 MP: 2/2
   302 | D:1      | Gained mutation: Your movements are slightly less
                  | encumbered by armour. (ER -2) [demonic ancestry]
   302 | D:1      | Reached XP level 2. HP: 21/21 MP: 0/3
   944 | D:2      | Gained mutation: You sometimes gain a little power by
                  | taking damage. [demonic ancestry]
   944 | D:2      | Reached XP level 3. HP: 26/26 MP: 1/4
  1375 | D:2      | Learned a level 2 spell: Ensorcelled Hibernation
  1560 | D:3      | Noticed a phantom
  1750 | D:3      | Noticed Robin
  1816 | D:2      | Slain by a goblin

Illustrated notes

Levels and vault maps discovered:
D:1:      eino_arrival_tree_alley, layout_basic
D:2:      wander_river, layout_basic, kennysheep_minor_cross
D:3:      layout_loops_ring, basic_ecumenical_altar, uniq_ijyb, uniq_robin

Skill      XL: |  1  2  3 |
---------------+----------+-----
Ranged Weapons | 2 |  2.7
Dodging        | 2 |  2.1
Fighting       | |  1.4
Spellcasting   | |  1.4
Hexes          | |  3.4
Ice Magic      | |  0.1

Action                     || total
---------------------------++-------
   Fire: Sling             ||   160
   Cast: Slow              ||    43
    Use: Potion            ||     1
 Armour: Robe              ||     1
         Leather armour    ||    32
  Dodge: Dodged            ||    83
